HBL
OCEAN CITY BLUE CRABS @ ROCHESTER RED WINGS
04/28/1997
 
TOP OF THE 1ST
Ocean City Blue Crabs batting - Pitching for Rochester Red Wings : RHP Wade Taylor
Pitching: RHP Wade Taylor
Batting: RHB Jarvis Brown 0-0: Called Strike
0-1: Ball
1-1: Swinging Strike
1-2: Ball
2-2: Fly out, F2 (Popup, 2R, EV 87.5 MPH)
Batting: RHB Pat F. Kelly 0-0: Ball
1-0: Ball
2-0: Foul Ball, location: 2F
2-1: Ball
3-1: Bunt for hit to 13 - play at first, batter OUT! 1-3
Batting: LHB Brad Fullmer 0-0: Ball
1-0: Swinging Strike
1-1: Called Strike
1-2: Foul Ball, location: 2F
1-2: Foul Ball, location: 2F
1-2: Ball
2-2: Foul Ball, location: 2F
2-2: Strikes out swinging
Top of the 1st over - 0 runs, 0 hits, 0 errors, 0 left on base; Ocean City 0 - Rochester 0
BOTTOM OF THE 1ST
Rochester Red Wings batting - Pitching for Ocean City Blue Crabs : RHP Ariel Prieto
Pitching: RHP Ariel Prieto
Batting: RHB Terrell Lowery 0-0: Called Strike
0-1: Ball
1-1: Foul Ball, location: 2F
1-2: Ball
2-2: Ball
3-2: Fly out, F9 (Flyball, 9, EV 93.1 MPH)
Batting: RHB Damon Mashore 0-0: Ball
1-0: Ball
2-0: Swinging Strike
2-1: Swinging Strike
2-2: Strikes out swinging
Batting: RHB Rich Aurilia 0-0: Foul Ball, location: 2F
0-1: SINGLE (Line Drive, 7S, EV 104.4 MPH)
Batting: LHB Tom Lampkin 0-0: Foul Ball, location: 2F
0-1: Foul Ball, location: 2F
0-2: SINGLE (Line Drive, 9S, EV 91.9 MPH)
Rich Aurilia to second
Runner from 2nd tries for 3rd, SAFE, no throw by RF
Batting: RHB Darren Reed 0-0: Foul Ball, location: 2F
0-1: SINGLE (Flyball, 78M, EV 95.6 MPH)
Rich Aurilia scores
Tom Lampkin to second
Batting: LHB Kevin Koslofski 0-0: Foul Ball, location: 2F
0-1: Fielders Choice at 2nd, U4 (Groundball, 4M, EV 108.8 MPH)
Bottom of the 1st over - 1 run, 3 hits, 0 errors, 2 left on base; Ocean City 0 - Rochester 1
TOP OF THE 2ND
Ocean City Blue Crabs batting - Pitching for Rochester Red Wings : RHP Wade Taylor
Batting: SHB Junior Felix 0-0: Swinging Strike
0-1: Ball
1-1: Ball
2-1: Ball
3-1: Base on Balls
Batting: LHB Curtis Pride 0-0: Ball
1-0: Ball
2-0: Ball
3-0: Called Strike
3-1: Foul Ball, location: 2F
3-2: Fly out, F7 (Flyball, 7LM, EV 96.9 MPH)
Batting: RHB Scott Leius 0-0: Ball
1-0: Ball
2-0: Fly out, F8 (Flyball, 89S, EV 92.5 MPH)
Batting: RHB Jeff Abbott 0-0: Ball
Junior Felix is caught stealing 2nd base 2-4
Top of the 2nd over - 0 runs, 0 hits, 0 errors, 0 left on base; Ocean City 0 - Rochester 1
BOTTOM OF THE 2ND
Rochester Red Wings batting - Pitching for Ocean City Blue Crabs : RHP Ariel Prieto
Batting: RHB Tim Unroe 0-0: Ball
1-0: Swinging Strike
1-1: Ball
2-1: Foul Ball, location: 2F
2-2: Ground out 5-3 (Groundball, 56, EV 83.1 MPH)
Batting: RHB Rex Hudler 0-0: Called Strike
0-1: Ball
1-1: Foul Ball, location: 2F
1-2: Ball
2-2: DOUBLE (Flyball, 9LM, EV 103.1 MPH)
Batting: RHB Scott Sheldon 0-0: Ball
1-0: Single, Error in OF, E7, batter to second base (Line Drive, 78M, EV 93.1 MPH)
Rex Hudler scores
Batting: RHB Terrell Lowery 0-0: Called Strike
0-1: Called Strike
0-2: Foul Ball, location: 2F
0-2: Ball
1-2: Ball
2-2: SINGLE (Line Drive, 34D, EV 96.9 MPH)
Scott Sheldon to third
Runner from 3rd tries for Home, SAFE, no throw by RF
Batting: RHB Damon Mashore 0-0: Called Strike
0-1: Ball
1-1: Fly out, F9 (Flyball, 9LM, EV 90.6 MPH)
Batting: RHB Rich Aurilia 0-0: Ball
1-0: Ball
2-0: Called Strike
2-1: Foul Ball, location: 2F
2-2: Fielders Choice at 2nd, 6-4 (Groundball, 56, EV 88.8 MPH)
Bottom of the 2nd over - 2 runs, 3 hits, 1 error, 1 left on base; Ocean City 0 - Rochester 3
TOP OF THE 3RD
Ocean City Blue Crabs batting - Pitching for Rochester Red Wings : RHP Wade Taylor
Batting: RHB Jeff Abbott 0-0: Ball
1-0: SINGLE (Line Drive, 89S, EV 98.8 MPH)
Batting: RHB Einar Diaz 0-0: Called Strike
0-1: Swinging Strike
0-2: Ball
1-2: Strikes out swinging
Batting: RHB Manny Alexander 0-0: Ball
1-0: Swinging Strike
1-1: Ball
2-1: Grounds into double play, 5-4-3 (Groundball, 5, EV 108.1 MPH)
Top of the 3rd over - 0 runs, 1 hit, 0 errors, 0 left on base; Ocean City 0 - Rochester 3
BOTTOM OF THE 3RD
Rochester Red Wings batting - Pitching for Ocean City Blue Crabs : RHP Ariel Prieto
Batting: LHB Tom Lampkin 0-0: Ball
1-0: Ball
2-0: Called Strike
2-1: Fly out, F8 (Flyball, 8LD, EV 102.5 MPH)
Batting: RHB Darren Reed 0-0: Ground out 5-3 (Groundball, 56S, EV 67.5 MPH)
Batting: LHB Kevin Koslofski 0-0: Ball
1-0: Foul Ball, location: 2F
1-1: Foul Ball, location: 2F
1-2: SINGLE (Groundball, 3L, EV 106.3 MPH) (infield hit)
Batting: RHB Tim Unroe 0-0: Called Strike
0-1: Swinging Strike
0-2: Foul Ball, location: 2F
0-2: Ball
1-2: Ball
2-2: Ball
3-2: Strikes out looking
Bottom of the 3rd over - 0 runs, 1 hit, 0 errors, 1 left on base; Ocean City 0 - Rochester 3
TOP OF THE 4TH
Ocean City Blue Crabs batting - Pitching for Rochester Red Wings : RHP Wade Taylor
Batting: RHB Jarvis Brown 0-0: Ball
1-0: Called Strike
1-1: Ball
2-1: Swinging Strike
2-2: Foul Ball, location: 2F
2-2: Ball
3-2: Base on Balls
Batting: RHB Pat F. Kelly 0-0: Swinging Strike
0-1: Foul Ball, location: 2F
0-2: Strikes out looking
Batting: LHB Brad Fullmer 0-0: Ball
1-0: Called Strike
1-1: Fly out, F7 (Flyball, 78S, EV 83.1 MPH)
Batting: SHB Junior Felix 0-0: Fly out, F9 (Flyball, 9, EV 88.1 MPH)
Top of the 4th over - 0 runs, 0 hits, 0 errors, 1 left on base; Ocean City 0 - Rochester 3
BOTTOM OF THE 4TH
Rochester Red Wings batting - Pitching for Ocean City Blue Crabs : RHP Ariel Prieto
Batting: RHB Rex Hudler 0-0: Fly out, F5 (Popup, 25F, EV 88.1 MPH)
Batting: RHB Scott Sheldon 0-0: Fly out, F9 (Flyball, 89S, EV 80.0 MPH)
Batting: RHB Terrell Lowery 0-0: Ball
1-0: Swinging Strike
1-1: Called Strike
1-2: Ball
2-2: Ball
3-2: Strikes out looking
Bottom of the 4th over - 0 runs, 0 hits, 0 errors, 0 left on base; Ocean City 0 - Rochester 3
TOP OF THE 5TH
Ocean City Blue Crabs batting - Pitching for Rochester Red Wings : RHP Wade Taylor
Batting: LHB Curtis Pride 0-0: Ground out 4-3 (Groundball, 4, EV 80.6 MPH)
Batting: RHB Scott Leius 0-0: Fly out, F9 (Line Drive, 9D, EV 95.6 MPH)
Batting: RHB Jeff Abbott 0-0: Ground out 4-3 (Groundball, 34, EV 80.6 MPH)
Top of the 5th over - 0 runs, 0 hits, 0 errors, 0 left on base; Ocean City 0 - Rochester 3
BOTTOM OF THE 5TH
Rochester Red Wings batting - Pitching for Ocean City Blue Crabs : RHP Ariel Prieto
Batting: RHB Damon Mashore 0-0: Foul Ball, location: 2F
0-1: Ball
1-1: Swinging Strike
1-2: SINGLE (Groundball, 6MD, EV 101.9 MPH)
Batting: RHB Rich Aurilia 0-0: Ball
1-0: Fly out, F9 (Flyball, 89M, EV 90.0 MPH)
Batting: LHB Tom Lampkin 0-0: Foul Ball, location: 2F
0-1: Foul Ball, location: 2F
0-2: Ball
1-2: Foul Ball, location: 2F
1-2: Ball
2-2: SINGLE (Flyball, 78S, EV 90.0 MPH)
Damon Mashore to second
Batting: RHB Darren Reed 0-0: Called Strike
0-1: Swinging Strike
0-2: Strikes out swinging
Batting: LHB Kevin Koslofski 0-0: Ball
1-0: Ball
2-0: Ball
3-0: Called Strike
3-1: Swinging Strike
3-2: Base on Balls
Damon Mashore to third
Tom Lampkin to second
Batting: RHB Tim Unroe 0-0: Called Strike
0-1: Swinging Strike
0-2: Ball
1-2: Ball
2-2: Ground out 1-3 (Groundball, 13S, EV 68.1 MPH)
Bottom of the 5th over - 0 runs, 2 hits, 0 errors, 3 left on base; Ocean City 0 - Rochester 3
TOP OF THE 6TH
Ocean City Blue Crabs batting - Pitching for Rochester Red Wings : RHP Wade Taylor
Batting: RHB Einar Diaz 0-0: Called Strike
0-1: Foul Ball, location: 2F
0-2: Strikes out swinging
Batting: RHB Manny Alexander 0-0: Ball
1-0: Ball
2-0: SINGLE (Groundball, 6MD, EV 98.1 MPH)
Batting: RHB Jarvis Brown 0-0: Ball
Manny Alexander steals 2nd base
1-0: Ball
2-0: Called Strike
2-1: Fly out, F7 (Flyball, 7LS, EV 90.6 MPH)
Batting: RHB Pat F. Kelly 0-0: Ball
1-0: Called Strike
1-1: Fly out, F7 (Flyball, 78M, EV 89.4 MPH)
Top of the 6th over - 0 runs, 1 hit, 0 errors, 1 left on base; Ocean City 0 - Rochester 3
BOTTOM OF THE 6TH
Rochester Red Wings batting - Pitching for Ocean City Blue Crabs : RHP Ariel Prieto
Batting: RHB Rex Hudler 0-0: Called Strike
0-1: Foul Ball, location: 2F
0-2: Ball
1-2: Strikes out swinging
Batting: RHB Scott Sheldon 0-0: Called Strike
0-1: Swinging Strike
0-2: SINGLE (Groundball, 6MD, EV 98.8 MPH)
Batting: RHB Terrell Lowery 0-0: Foul Ball, location: 2F
0-1: Foul Ball, location: 2F
0-2: Ball
1-2: Ball
2-2: Ball
3-2: Foul Ball, location: 2F
3-2: Fly out, F8 (Flyball, 8RM, EV 99.4 MPH)
Batting: RHB Damon Mashore 0-0: Fly out, F9 (Flyball, 89M, EV 88.1 MPH)
Bottom of the 6th over - 0 runs, 1 hit, 0 errors, 1 left on base; Ocean City 0 - Rochester 3
TOP OF THE 7TH
Ocean City Blue Crabs batting - Pitching for Rochester Red Wings : RHP Wade Taylor
Batting: LHB Brad Fullmer 0-0: Swinging Strike
0-1: SOLO HOME RUN (Flyball, 89XD, EV 93.8 MPH), Distance : 406 ft
Batting: SHB Junior Felix 0-0: Called Strike
0-1: Called Strike
0-2: Fly out, F8 (Flyball, 78D, EV 102.5 MPH)
Batting: LHB Curtis Pride 0-0: Ball
1-0: Ball
2-0: Ball
3-0: Base on Balls
Batting: RHB Scott Leius 0-0: Called Strike
0-1: Ball
1-1: Ball
2-1: Ball
3-1: Base on Balls
Curtis Pride to second
Batting: RHB Jeff Abbott 0-0: Foul Ball, location: 2F
0-1: Ball
1-1: Fly out, F8 (Flyball, 8LS, EV 91.3 MPH)
Batting: RHB Einar Diaz 0-0: Ball
1-0: Called Strike
1-1: SINGLE (Groundball, 4MD, EV 107.5 MPH)
Curtis Pride to third
Scott Leius to second
Runner from 3rd tries for Home, SAFE, no throw by CF
Pinch Hitting: LHB Pedro Valdes 0-0: Called Strike
0-1: Swinging Strike
0-2: Foul Ball, location: 2F
0-2: Ball
1-2: Ground out 4-3 (Groundball, 4, EV 88.1 MPH)
Top of the 7th over - 2 runs, 2 hits, 0 errors, 2 left on base; Ocean City 2 - Rochester 3
BOTTOM OF THE 7TH
Rochester Red Wings batting - Pitching for Ocean City Blue Crabs : RHP Ariel Prieto
Now at SS: Cheron Farley
Batting: RHB Rich Aurilia 0-0: Ball
1-0: Ball
2-0: Called Strike
2-1: Foul Ball, location: 2F
2-2: Foul Ball, location: 2F
2-2: Foul Ball, location: 2F
2-2: Fly out, F8 (Line Drive, 8RD, EV 101.9 MPH)
Batting: LHB Tom Lampkin 0-0: Called Strike
0-1: Foul Ball, location: 2F
0-2: Ball
1-2: Foul Ball, location: 2F
1-2: Foul Ball, location: 2F
1-2: Ball
2-2: Ball
3-2: Fly out, F2 (Popup, 25F, EV 85.6 MPH)
Batting: RHB Darren Reed 0-0: Ball
1-0: Ball
2-0: Ball
3-0: Swinging Strike
3-1: Fly out, F8 (Line Drive, 8RM, EV 91.9 MPH)
Bottom of the 7th over - 0 runs, 0 hits, 0 errors, 0 left on base; Ocean City 2 - Rochester 3
TOP OF THE 8TH
Ocean City Blue Crabs batting - Pitching for Rochester Red Wings : RHP Wade Taylor
Batting: RHB Jarvis Brown 0-0: Called Strike
0-1: Ball
1-1: Ball
2-1: Fly out, F8 (Flyball, 8RM, EV 73.1 MPH)
Batting: RHB Pat F. Kelly 0-0: Ball
1-0: Called Strike
1-1: Ground out 5-3 (Groundball, 5S, EV 77.5 MPH)
Batting: LHB Brad Fullmer 0-0: Ball
1-0: Ball
2-0: Foul Ball, location: 2F
2-1: Ball
3-1: Swinging Strike
3-2: Ground out 4-3 (Groundball, 4, EV 88.1 MPH)
Top of the 8th over - 0 runs, 0 hits, 0 errors, 0 left on base; Ocean City 2 - Rochester 3
BOTTOM OF THE 8TH
Rochester Red Wings batting - Pitching for Ocean City Blue Crabs : RHP Ariel Prieto
Pitching: RHP Ramon Morel
Batting: LHB Kevin Koslofski 0-0: Foul Ball, location: 2F
0-1: Foul Ball, location: 2F
0-2: Foul Ball, location: 2F
0-2: Fly out, F6 (Popup, 6MD, EV 65.0 MPH)
Batting: RHB Tim Unroe 0-0: Called Strike
0-1: Called Strike
0-2: Ball
1-2: Fly out, F8 (Flyball, 8RS, EV 71.3 MPH)
Batting: RHB Rex Hudler 0-0: Foul Ball, location: 2F
0-1: Ball
1-1: Ball
2-1: Foul Ball, location: 2F
2-2: Fly out, F7 (Flyball, 7S, EV 88.1 MPH)
Bottom of the 8th over - 0 runs, 0 hits, 0 errors, 0 left on base; Ocean City 2 - Rochester 3
TOP OF THE 9TH
Ocean City Blue Crabs batting - Pitching for Rochester Red Wings : RHP Wade Taylor
Pitching: RHP Chuck Crim
Batting: SHB Junior Felix 0-0: Ball
1-0: Called Strike
1-1: Swinging Strike
1-2: SINGLE (Groundball, 4S, EV 66.3 MPH) (infield hit)
Batting: LHB Curtis Pride 0-0: Ball
1-0: Called Strike
1-1: Ball
2-1: SINGLE (Groundball, 4MD, EV 97.5 MPH)
Junior Felix to second
Batting: RHB Scott Leius 0-0: Ball
1-0: Swinging Strike
1-1: Sac Bunt to 15 - play at first, batter OUT! 1-3
Junior Felix to third
Curtis Pride to second
Batting: RHB Jeff Abbott 0-0: Intentional Walk
Batting: RHB Einar Diaz 0-0: Foul Ball, location: 2F
0-1: Fly out, F7 (Flyball, 7S, EV 78.1 MPH)
Pinch Hitting: SHB Giomar Guevara 0-0: Ball
1-0: Ball
2-0: Fly out, F9 (Line Drive, 9, EV 90.0 MPH)
Top of the 9th over - 0 runs, 2 hits, 0 errors, 3 left on base; Ocean City 2 - Rochester 3
Monday, February 2nd, 2026 - OOTP Baseball 20.8 Build 74